 Seeded DCSS version 0.24.1-14-gf8d2b509d9 (webtiles) character file.

Game seed: 16822949236002016354, levelgen mode: deterministic

42 sahdkjhfkaj the Sneak (level 3, 16/16 HPs)
             Began as a Spriggan Enchanter on Oct 25, 2020.
             Quit the game on level 2 of the Dungeon.
             The game lasted 00:04:05 (1336 turns).

sahdkjhfkaj the Sneak (Spriggan Enchanter)          Turns: 1336, Time: 00:04:05

Health: 16/16      AC:  3    Str:  4    XL:     3   Next: 35%
Magic:  6/8        EV: 18    Int: 16    God:
Gold:   36         SH:  0    Dex: 17    Spells: 5/8 levels left

rFire    . . .     SeeInvis +   a - +1 dagger
rCold    . . .     Gourm    .   (shield restricted)
rNeg     . . .     Faith    .   b - +0 robe
rPois    .         Spirit   .   (helmet restricted)
rElec    .         Reflect  .   f - +0 cloak
rCorr    .         Harm     .   (gloves unavailable)
MR       .....                  (boots unavailable)
Stlth    +++.......             (no amulet)
HPRegen  0.05/turn              (no ring)
MPRegen  0.11/turn              (no ring)

@: very quick
A: very small, unfitting armour, see invisible, herbivore, speed 3, slow
metabolism 2
a: no special abilities


You were on level 2 of the Dungeon.
You were not hungry.

You visited 1 branch of the dungeon, and saw 2 of its levels.

You collected 36 gold pieces.

Inventory:

Hand Weapons
 a - a +1 dagger (weapon)
Missiles
 h - a throwing net (quivered) {!f}
Armour
 b - a +0 robe (worn)
 f - a +0 cloak (worn)
Scrolls
 c - a scroll of identify {!r}
 e - a scroll of fog {!r}
 g - 2 scrolls of enchant armour {!r}
Comestibles
 d - 2 rations


   Skills:
 - Level 1.1 Short Blades
 - Level 3.0 Dodging
 - Level 5.1 Stealth
 - Level 3.0 Spellcasting
 + Level 4.8 Hexes


You had 5 spell levels left.
You knew the following spells:

 Your Spells              Type           Power        Failure   Level  Hunger
a - Corona                Hex            ###....      2%          1    #......
b - Ensorcelled Hibernat  Hex/Ice        ##....       11%         2    ##.....

Your spell library contained the following spells:

 Spells                   Type           Power        Failure   Level  Hunger
 Confuse                  Hex            ###.....     8%          3    ###....
 Tukima's Dance           Hex            ###.....     8%          3    ###....
 Dazzling Spray           Conj/Hex       ##....       21%         3    ###....


Dungeon Overview and Level Annotations

Branches:
Dungeon (2/15)

Altars:
Wu Jian


Innate Abilities, Weirdness & Mutations

You are very small and have problems with some larger weapons.
You are too small for most types of armour.
You have supernaturally acute eyesight. (SInv)
You are a herbivore.
You cover ground extremely quickly.
You need to consume almost no food.


Message History

You see here a throwing net {!f}.
h - a throwing net {!f} A bat comes into view.
An adder comes into view.
The adder hisses angrily.
You hear an angry hiss.
A ball python comes into view.
Found an ornate altar of the Wu Jian Council.
You hit the dart slug.
The dart slug is lightly wounded.
The dart slug closely misses you.
Casting: Ensorcelled Hibernation (safe; 11% risk of failure)
Confirm with . or Enter, or press ? or * to list all spells.
Aiming: Ensorcelled Hibernation (safe; 11% risk of failure)
Press: ? - help, Shift-Dir - straight line, f - dart slug
Aim: a dart slug (lightly wounded, clinging, chance to defeat MR: 59%)
The dart slug resists with significant effort.
The dart slug closely misses you.
Welcome back, sahdkjhfkaj the Spriggan Enchanter.
Press ? for a list of commands and other information.
Are you sure you want to abandon this character and quit the game? (Confirm with "yes".) ..#.... ..#.... #...... ....._ ......### #.... #........ #.... #........ .Sb

#......J.
..####w####...<....
.......@...........
.....#####..#####
### #..######
#.......# #.).....#
##.......#
#....##### #....###
#......#


You could see an adder, a dart slug and a bat.

Vanquished Creatures
  A gnoll (D:1)
  An ooze (D:1)
  A dart slug (D:1)
  2 giant cockroaches (D:1)
  6 goblins
  2 hobgoblins (D:2)
  5 jackals (D:1)
  2 kobolds (D:1)
  2 rats (D:1)
22 creatures vanquished.

Notes
Turn   | Place    | Note
-------+----------+-------------------------------------------
     0 | D:1      | sahdkjhfkaj the Spriggan Enchanter began the quest for the
                  | Orb.
     0 | D:1      | Reached XP level 1. HP: 9/9 MP: 5/5
    12 | D:1      | Reached skill level 5 in Stealth
    60 | D:1      | Reached XP level 2. HP: 13/13 MP: 6/6
    79 | D:1      | Learned a level 2 spell: Ensorcelled Hibernation
   682 | D:1      | Reached XP level 3. HP: 16/16 MP: 8/8
  1333 | D:2      | Found an ornate altar of the Wu Jian Council.
  1336 | D:2      | Quit the game

Levels and vault maps discovered:
D:1:      grunt_arrival_lava_bath, layout_basic
D:2:      layout_basic, lemuel_round_altar, old_standard_altar,
          lemuel_doored_altar

Skill      XL: |  1  2 |
---------------+-------+-----
Stealth        | 5 |  5.1
Spellcasting   | 3 |  3.0
Hexes          | 4 |  4.8
Short Blades   | |  1.1
Dodging        | |  3.0

Action                   || total
-------------------------++-------
Melee: Dagger            ||    78
 Cast: Ensorcelled Hiber ||    23
  Use: Scroll            ||     2
 Stab: Sleeping          ||    12
Armor: Robe              ||     4
Dodge: Dodged            ||    64
